 Dungeon Crawl Stone Soup version 0.21.1-1-g345015f (webtiles) character file.

56 n0claF the Slasher (level 3, 0/31 HPs)
             Began as a Minotaur Gladiator on June 22, 2018.
             Slain by a gnoll
             ... wielding a +1 flail of protection
              (13 damage)
             ... on level 2 of the Dungeon.
             The game lasted 00:01:33 (877 turns).

n0claF the Slasher (Minotaur Gladiator)              Turns: 877, Time: 00:01:33

Health: 0/31       AC:  3    Str: 18    XL:     3   Next: 71%
Magic:  2/2        EV: 13    Int:  5    God:
Gold:   49         SH:  0    Dex: 12    Spells: 2/2 levels left

rFire    . . .     SeeInvis .   a - +0 long sword
rCold    . . .     Gourm    .   (no shield)
rNeg     . . .     Faith    .   b - +0 leather armour
rPois    .         Spirit   .   c - +0 hat
rElec    .         Reflect  .   (no cloak)
rCorr    .         Harm     .   (no gloves)
MR       .....                  (no boots)
Stlth    +.........             (no amulet)
HPRegen  0.10/turn              (no ring)
MPRegen  0.08/turn              (no ring)

@: no status effects
A: retaliatory headbutt, horns 2
a: no special abilities


You were on level 2 of the Dungeon.
You were not hungry.

You visited 1 branch of the dungeon, and saw 2 of its levels.

You collected 49 gold pieces.

Inventory:

Hand Weapons
 a - a +0 long sword (weapon)
Missiles
 d - 3 throwing nets (quivered) {!f}
Armour
 b - a +0 leather armour (worn)
 c - a +0 hat (worn)
Scrolls
 g - a scroll of remove curse {unknown}
 h - 2 scrolls of identify {unknown}
 j - a scroll of teleportation {unknown}
 k - a scroll of blinking {unknown}
Potions
 i - a potion of heal wounds {unknown}
Comestibles
 e - 4 rations {!d}
 f - 7 chunks of flesh


   Skills:
 + Level 3.0 Fighting
 + Level 4.1 Long Blades
 - Level 2.0 Throwing
 * Level 4.1 Dodging
 + Level 1.1 Stealth


You had 2 spell levels left.
You didn't know any spells.

Dungeon Overview and Level Annotations

Branches:
Dungeon (2/15)

Altars:


Innate Abilities, Weirdness & Mutations

You reflexively headbutt those who attack you in melee.
You have a pair of horns on your head.


Message History

Things that are here:
a club; a hobgoblin corpse You butcher the hobgoblin corpse.
f - 7 chunks of flesh (gained 3)
You see here a club. x2
Found 12 gold pieces.
Found a stone staircase leading down.
You now have 49 gold pieces (gained 12).
Found a stone staircase leading up.
Found 14 gold pieces.
A gnoll comes into view.
A gnoll is nearby!
A gnoll is nearby!
A gnoll comes into view. It is wielding a flail of protection.
You see here 14 gold pieces.
The gnoll throws a throwing net.
The throwing net barely misses you.
The gnoll shouts!
A gnoll comes into view.
You hit the gnoll. Your headbutt misses the gnoll.
The gnoll completely misses you.
You hit the gnoll but do no damage. The gnoll misses you.
You furiously retaliate!
You headbutt the gnoll, but do no damage.
The gnoll hits you.
You barely miss the gnoll. The gnoll misses you.
You riposte.
Your leather armour prevents you from hitting the gnoll.
You headbutt the gnoll, but do no damage.
The gnoll hits you but does no damage.
You closely miss the gnoll. The gnoll closely misses you.
The gnoll hits you but does no damage. The gnoll completely misses you.
You riposte.
You barely miss the gnoll. The gnoll completely misses you.
You riposte.
You hit the gnoll. You hit the gnoll.
You kill the gnoll!
Your Fighting skill increases to level 3!
The gnoll hits you with a flail of protection.
The gnoll hits you.
You hit the gnoll. The gnoll hits you!
The gnoll hits you with a flail of protection.
* * * LOW HITPOINT WARNING * * *
You are too injured to fight recklessly!
You are too injured to fight recklessly!
You hit the gnoll but do no damage. The gnoll closely misses you.
You furiously retaliate!
You headbutt the gnoll.
You kill the gnoll!
The gnoll barely misses you.
You hit the gnoll but do no damage. The gnoll closely misses you.
You barely miss the gnoll.
The gnoll hits you with a flail of protection!
You die...

....# ... ..
#.#.# ## ...
#...#.#.# ...
###
#...#.#.####..
............ #
#.#.#......#
#.#........#
........†..#
.......@g..#
.........#.# #
.........# .
.......(.# .
....#.#.## .
....#...# .#
... #...##.#
.# #...##.#
#......#


You could see a gnoll.

Vanquished Creatures
  2 gnolls (D:2)
  An ooze (D:2)
  2 dart slugs (D:1)
  A ball python (D:1)
  2 giant cockroaches (D:2)
  3 goblins
  4 hobgoblins
  4 kobolds (D:1)
  7 bats
  3 frilled lizards
  2 rats
31 creatures vanquished.

Notes
Turn   | Place    | Note
-------+----------+-------------------------------------------
     0 | D:1      | n0claF the Minotaur Gladiator began the quest for the Orb.
     0 | D:1      | Reached XP level 1. HP: 18/18 MP: 0/0
   252 | D:1      | Reached XP level 2. HP: 18/25 MP: 1/1
   779 | D:2      | Reached XP level 3. HP: 29/30 MP: 2/2
   803 | D:2      | Reached skill level 1 in Stealth
   877 | D:2      | Slain by a gnoll

Skill      XL: |  1  2  3 |
---------------+----------+-----
Long Blades    | 4 |  4.1
Dodging        | 4 |  4.1
Stealth        | 1 |  1.1
Fighting       | 3 |  3.0
Throwing       | |  2.0

Action                   || total
-------------------------++-------
Melee: Long sword        ||    60
       Headbutt          ||     4
 Stab: Sleeping          ||     2
Armor: Leather armour    ||    20
Dodge: Dodged            ||    42
       Rpst.: Long sword ||     9
